 Dungeon Crawl Stone Soup version 0.29.1-2-gbd0b4ee654 (webtiles) character file.

Game seed: 15193763699443602776

692 hawla the Chiller (level 8, -7/59 HPs)
             Began as a Meteoran Ice Elementalist on Dec 1, 2022.
             Killed by divine providence
             ... invoked by an orc priest
             ... summoned by an orc
              (16 damage)
             ... on level 4 of the Dungeon.
             The game lasted 00:06:41 (590 turns).

hawla the Chiller (Meteoran Ice Elementalist)        Turns: 590, Time: 00:06:41

Health: -7/59      AC:  4    Str: 10    XL:     8   Next: 17%
Magic:  19/19      EV: 13    Int: 18    God:
Gold:   116        SH:  0    Dex: 15    Spells: 16/20 levels left

rFire   . . .      SeeInvis .   (no weapon)
rCold   . . .      Faith    .   (no shield)
rNeg    + . .      Spirit   .   b - +2 robe {rN+}
rPois   .          Reflect  .   (no helmet)
rElec   .          Harm     .   (no cloak)
rCorr   .          Rampage  .   (no gloves)
Will    +....                   (no boots)
Stlth   +.........              (no amulet)
HPRegen 0.19/turn               (no ring)
MPRegen 0.16/turn               (no ring)

@: glowing
A: sense surroundings 1, otherworldly, glowing, explore regen
a: no special abilities


You were on level 4 of the Dungeon.
You visited 1 branch of the dungeon, and saw 4 of its levels.

You collected 116 gold pieces.

Inventory:

Armour
 b - a +2 robe of positive energy (worn)


   Skills:
 + Level 1.1 Fighting
 + Level 3.9 Dodging
 - Level 1.4 Stealth
 + Level 6.7 Spellcasting
 + Level 7.5 Ice Magic


You had 16 spell levels left.
You knew the following spells:

 Your Spells              Type           Power      Damage    Failure   Level
a - Freeze                Ice            100%       1d11      1%          1
b - Frozen Ramparts       Ice            66%        1d10      1%          3

Your spell library contained the following spells:

 Spells                   Type           Power      Damage    Failure   Level
 Ozocubu's Armour         Ice            33%        N/A       1%          3
 Hailstorm                Conj/Ice       19%        3d6       24%         4


Dungeon Overview and Level Annotations

Branches:
Dungeon (4/15) Zot: 1822
 Temple: D:4-7

Altars:
Elyvilon


Innate Abilities, Weirdness & Mutations

You passively map a small area around you.
You are easily found by Zot.
You glow in the dark.
You regain HP and MP as you explore.


Message History

Your Fighting skill increases to level 1!
You have reached level 8!
You aren't carrying any potions.
The frozen ramparts melt away as you move.
Found a stone staircase leading down.
* * * LOW HITPOINT WARNING * * *
You feel very sick.
Things that are here:
a +1 scythe of venom; a +0 robe; a scroll labelled RIN COR ZYURA
As you read the scroll labelled SIOTUH LEJIVU, it crumbles to dust.
You feel strangely unstable.
It was a scroll of teleportation.
* * * LOW HITPOINT WARNING * * *
You feel very sick.
As you read the scroll labelled RIN COR ZYURA, it crumbles to dust.
You feel aware of your surroundings.
It was a scroll of magic mapping.
* * * LOW HITPOINT WARNING * * *
You feel very sick.
* * * LOW HITPOINT WARNING * * *
You feel sick.
You see here a +0 war axe.
* * * LOW HITPOINT WARNING * * *
You feel very sick.
Your surroundings suddenly seem different.
You feel sick.
You start waiting.
You feel sick. x6
You are no longer poisoned.
A hobgoblin comes into view. It is wielding a +0 short sword.
The hobgoblin shouts!
An orc comes into view. It is wielding a +0 dagger.
The orc shouts!
An orc wizard comes into view. It is wielding a +0 dagger.
An orc warrior comes into view. It is wielding a +0 dire flail.
The orc warrior shouts!
The orc wizard shouts!
The orc wizard points at you and mumbles some strange words.
You easily resist.
The orc reads a scroll.
Wisps of shadow swirl around the orc.
The orc shouts!
The orc priest shouts!
The orc priest invokes the aid of Beogh against you.
Beogh smites you!
You die...

,,,,,,,,,..................#
,,,,,,,,,..................#
,,,,,,,,,..................#
,,,,,,,,,..........g.......#
,,,,,,,,,...#.....#.......##**
,,,,,,,,,######.###...##.....#
,,,,,,,,,,* #..##...#...####
,,,,,,,,*.######.##...#.#.#
,,,,,,,,*.......@.o..o#.#.##****
,,,,,,,,*#####..o....og.....,,,*
,,,,,>,,* #....<..o.......,,*
,,,,,,,** #.....o.o........,*
,,,,,,,****###.......o....(...,*
******,,,,....................,*
*,,,,**###.##..............,*
####,*.#*,,#...####...........,*
.?.,,*.#,.*#.8.*###...........,*


You could see an orc warrior, an orc priest (summoned), an orc wizard, 5 orcs
and a goblin (summoned).

Vanquished Creatures
  Pikel (D:4)
  Sigmund (D:4)
  2 adders (D:3)
  A shadow imp (D:4)
  An ufetubus (D:4)
  A worm (D:4)
  2 dart slugs (D:2)
  2 bats
  5 endoplasms (D:2)
  4 giant cockroaches
  2 goblins (D:2)
  3 hobgoblins
  2 quokkas
  A frilled lizard (D:3)
  2 kobolds
  18 rats (D:4)
48 creatures vanquished.

Notes
Turn   | Place    | Note
-------+----------+-------------------------------------------
     0 | D:1      | hawla the Meteoran Ice Elementalist began the quest for the
                  | Orb.
     0 | D:1      | Reached XP level 1. HP: 14/14 MP: 5/5
    72 | D:2      | Reached XP level 2. HP: 18/20 MP: 4/6
   154 | D:2      | Reached skill level 5 in Ice Magic
   157 | D:2      | Reached XP level 3. HP: 24/26 MP: 6/8
   207 | D:2      | Found a faded altar of an unknown god.
   293 | D:3      | Reached XP level 4. HP: 26/33 MP: 7/10
   306 | D:4      | Noticed a lemure
   312 | D:4      | Noticed a lemure
   314 | D:4      | Noticed Pikel
   315 | D:4      | Noticed a lemure
   331 | D:4      | Noticed a lemure
   346 | D:4      | Killed Pikel
   347 | D:4      | Reached skill level 7 in Ice Magic
   347 | D:4      | Reached XP level 5. HP: 15/39 MP: 0/14
   347 | D:4      | Reached XP level 6. HP: 18/46 MP: 0/16
   347 | D:4      | Reached XP level 7. HP: 20/51 MP: 0/17
   416 | D:4      | Learned a level 3 spell: Frozen Ramparts
   496 | D:4      | Found a white marble altar of Elyvilon.
   541 | D:4      | Noticed Sigmund
   558 | D:4      | Killed Sigmund
   559 | D:4      | Reached skill level 1 in Fighting
   559 | D:4      | Reached XP level 8. HP: 15/59 MP: 11/19
   561 | D:4      | HP: 2/59 [poisoned by Sigmund]
   590 | D:4      | Killed from afar by an orc priest

Illustrated notes

Levels and vault maps discovered:
D:1:      sevenhm_arrival_forest_fort_small_6, layout_rooms
D:2:      layout_rooms, shapermc_ecumenical_altar_starsandcircs,
          serial_park_tiny_pond
D:3:      kennysheep_goblin_castle, layout_basic,
          mainiacjoe_overflow_six_doors_small, uniq_jessica, uniq_terence
D:4:      layout_rooms, elyvilon_altar_1, minmay_rat_hole, uniq_sigmund,
          uniq_edmund, uniq_pikel

Skill      XL: |  1  2  3  4  5  6  7 |
---------------+----------------------+-----
Ice Magic      | 5 7 |  7.5
Spellcasting   | 3 6 |  6.7
Dodging        | 3 |  3.9
Fighting       | 1 |  1.1
Stealth        | |  1.4

Action                   |  1- 3 |  4- 6 |  7- 9 || total
-------------------------+-------+-------+-------++-------
Melee: Unarmed           |     6 |     4 |    13 ||    23
 Cast: Freeze            |    32 |    25 |    13 ||    70
       Frozen Ramparts   |       |       |     4 ||     4
  Use: Potion            |       |     5 |     1 ||     6
       Scroll            |       |     1 |     2 ||     3
Armor: Robe              |     8 |     8 |     4 ||    20
Dodge: Dodged            |    22 |    27 |    14 ||    63
